 Dungeon Crawl Stone Soup version 0.23-a0-625-g1d2cd9b (console) character file.

35 Duffy the Firebug (level 3, -5/19 HPs)
             Began as a Deep Elf Fire Elementalist on Dec 24, 2018.
             Slain by Natasha (9 damage)
             ... on level 2 of the Dungeon.
             The game lasted 00:01:23 (1197 turns).

Duffy the Firebug (Deep Elf Fire Elementalist)      Turns: 1197, Time: 00:01:24

Health: -5/19      AC:  2    Str:  5    XL:     3   Next: 16%
Magic:  1/9        EV: 13    Int: 20    God:
Gold:   45         SH:  0    Dex: 15    Spells: 7/8 levels left

rFire    . . .     SeeInvis .   b - 4 scrolls of amnesia {unknown}
rCold    . . .     Gourm    .   (no shield)
rNeg     . . .     Faith    .   a - +0 robe
rPois    .         Spirit   .   (no helmet)
rElec    .         Reflect  .   (no cloak)
rCorr    .         Harm     .   (no gloves)
MR       .....                  (no boots)
Stlth    ++........             (no amulet)
HPRegen  0.06/turn              (no ring)
MPRegen  0.11/turn              (no ring)

@: no status effects
A: no striking features
a: no special abilities


You were on level 2 of the Dungeon.
You were hungry.

You visited 1 branch of the dungeon, and saw 2 of its levels.

You collected 45 gold pieces.

Inventory:

Armour
 a - a +0 robe (worn)
Scrolls
 b - 4 scrolls of amnesia (in hand) {unknown}
 e - a scroll of identify {unknown}
 g - a scroll of remove curse
Potions
 d - a potion of cancellation {unknown}
Comestibles
 c - 2 rations


   Skills:
 - Level 2.4 Dodging
 - Level 2.4 Stealth
 + Level 3.1 Spellcasting
 + Level 3.3 Conjurations
 + Level 3.3 Fire Magic


You had 7 spell levels left.
You knew the following spells:

 Your Spells              Type           Power        Failure   Level  Hunger
h - Flame Tongue          Conj/Fire      ###..        3%          1    None

Your spell library contained the following spells:

 Spells                   Type           Power        Failure   Level  Hunger
 Throw Flame              Conj/Fire      ###...       5%          2    ##.....
 Conjure Flame            Conj/Fire      ###.....     11%         3    ###....
 Inner Flame              Hex/Fire       #.......     22%         3    ###....
 Sticky Flame             Conj/Fire      ###.....     34%         4    ####...
 Fireball                 Conj/Fire      ###.......   69%         5    ######.


Dungeon Overview and Level Annotations

Branches:
Dungeon (2/15)

Altars:

Annotations:
D:2 Natasha


Message History

Aim: Natasha The flame tongue hits the white imp.
The white imp is burned terribly!
You kill the white imp!
Casting: Flame Tongue (safe; 3% risk of failure)
Confirm with . or Enter, or press ? or * to list all spells.
Aiming: Flame Tongue (safe; 3% risk of failure)
Press: ? - help, Shift-Dir - straight line, f/p - Natasha
Aim: Natasha The flame tongue hits Natasha.
Natasha is lightly wounded.
Natasha barely misses you.
Casting: Flame Tongue (safe; 3% risk of failure)
Confirm with . or Enter, or press ? or * to list all spells.
Aiming: Flame Tongue (safe; 3% risk of failure)
Press: ? - help, Shift-Dir - straight line, f/p - Natasha
Aim: Natasha (lightly wounded)
The flame tongue hits Natasha.
Natasha is moderately wounded.
Natasha claws you!
You die...

..#.# ....# #. .#
....## #.. .# .....#
..###.# .....# (....
[....# .... ..<.##
#. ..# ...## #. #h#
..## #.## #@# .##
#... #.# .#
#..#####.# .##
#......%.#
..#########.#...####
...................+
..########..#...####
.## #...#.## .#
#.#.#.#


You could see Natasha.

Vanquished Creatures
  2 dart slugs (D:1)
  3 giant cockroaches
  A goblin (D:1)
  5 hobgoblins (D:1)
  4 bats
  5 frilled lizards (D:1)
  4 kobolds
  8 rats
32 creatures vanquished.

Vanquished Creatures (others)
  5 toadstools (D:1)
5 creatures vanquished.

Grand Total: 37 creatures vanquished

Notes
Turn   | Place    | Note
-------+----------+-------------------------------------------
     0 | D:1      | Duffy the Deep Elf Fire Elementalist began the quest for
                  | the Orb.
     0 | D:1      | Reached XP level 1. HP: 10/10 MP: 6/6
   129 | D:1      | Reached XP level 2. HP: 8/15 MP: 0/8
   854 | D:1      | Reached XP level 3. HP: 19/19 MP: 5/9
  1186 | D:2      | Noticed Natasha
  1197 | D:2      | Slain by Natasha

Vault maps used:
D:1:      ldierk_walled_garden, minmay_ruptured
D:2:      first_ration, corexii_hall_statues_deadend,
          minmay_goblin_kobold_house, uniq_natasha

Skill      XL: |  1  2 |
---------------+-------+-----
Conjurations   | 2 3 |  3.3
Dodging        | |  2.4
Stealth        | |  2.4
Spellcasting   | |  3.1
Fire Magic     | |  3.3

Action                   || total
-------------------------++-------
 Cast: Flame Tongue      ||    59
  Use: Scroll            ||     1
Armor: Robe              ||     5
Dodge: Dodged            ||     9

Table legend:
 A = Non-vault XP
 B = Vault XP
 C = Vault XP percentage of total XP
 D = Non-vault monster count
 E = Vault monster count
 F = Vault count percentage of total count
                 A         B        C        D         E       F
            +---------+---------+-------+---------+---------+-------
      Total |      48 |       2 |   4.0 |      30 |       2 |   6.2
            +---------+---------+-------+---------+---------+-------
        D:1 |      42 |       2 |   4.5 |      26 |       2 |   7.1
        D:2 |       6 |       0 |   0.0 |       4 |       0 |   0.0
            +---------+---------+-------+---------+---------+-------
